 Dungeon Crawl Stone Soup version 0.28.0-43-g3370ac3207 (webtiles) character file.

Game seed: 13835380630638097900

1362 crimpus the Cutter (level 8, -8/62 HPs)
             Began as a Vampire Berserker on Mar 13, 2022.
             Was a Believer of Trog.
             Engulfed by a cloud of freezing vapour (22 damage)
             ... on level 6 of the Dungeon.
             The game lasted 00:09:26 (5101 turns).

crimpus the Cutter (Vampire Berserker)              Turns: 5101, Time: 00:09:27

Health: -8/62      AC: 27    Str: 18    XL:     8   Next: 37%
Magic:  8/8        EV:  3    Int: 12    God:    Trog [**....]
Gold:   227        SH:  0    Dex: 14    Spells: 7/7 levels left

rFire   . . .      SeeInvis +   u - +4 dagger (protect)
rCold   . . .      Faith    .   (no shield)
rNeg    . . .      Spirit   .   a - +8 orange crystal plate armour {Archmagi, Int+3 Clar}
rPois   .          Reflect  .   (no helmet)
rElec   .          Harm     .   q - +2 cloak
rCorr   .          Rampage  .   (no gloves)
Will    ++...      Archmagi +   (no boots)
Stlth   .......... Clarity  +   (no amulet)
HPRegen 1.40/turn               (no ring)
MPRegen 0.11/turn               (no ring)

@: strong-willed, regenerating
A: alive, fangs 3, see invisible, vampiric 2
a: Exsanguinate, Renounce Religion, Berserk, Trog's Hand


You were on level 6 of the Dungeon.
You worshipped Trog.
Trog was pleased with you.
You visited 1 branch of the dungeon, and saw 6 of its levels.
You also visited: Sewer.

You collected 227 gold pieces.

Inventory:

Hand Weapons
 u - a +4 dagger of protection (weapon)
Missiles
 x - a throwing net (quivered)
Armour
 a - the +8 orange crystal plate armour (worn) {Archmagi, Int+3 Clar}
   (You acquired it on level 4 of the Dungeon)

   Int:       It affects your intelligence (+3).
   Clar:      It protects you against confusion.
 b - a +0 animal skin
 c - a +1 cloak
 q - a +2 cloak (worn)
 C - a +0 cloak of preservation
Jewellery
 w - a ring of fire
 B - a ring of positive energy
Wands
 t - a wand of digging (9)
 A - a wand of iceblast (6)
Scrolls
 d - 4 scrolls of teleportation
 f - a scroll of amnesia
 h - 4 scrolls of magic mapping
 i - a scroll of fear {unknown}
 j - a scroll of brand weapon {unknown}
 m - 2 scrolls of enchant armour
 n - a scroll of summoning {unknown}
 r - a scroll of blinking {unknown}
 s - 2 scrolls of fog {unknown}
 v - a scroll of torment {unknown}
 y - a scroll of noise {unknown}
 z - 2 scrolls of identify
Potions
 e - 3 potions of curing
 g - a potion of attraction {unknown}
 k - 2 potions of flight {unknown}
 l - a potion of heal wounds {unknown}
 o - 3 potions of magic {unknown}
 p - a potion of invisibility {unknown}


   Skills:
 + Level 5.0 Fighting
 + Level 7.9 Short Blades
 * Level 4.2 Armour
 + Level 4.1 Dodging
 + Level 3.5 Stealth


You had 7 spell levels left.
You didn't know any spells.
Your spell library was empty.

Dungeon Overview and Level Annotations

Branches:
Dungeon (6/15)              Sewer (visited)
 Temple: D:4-7

Altars:
Okawaru
Trog
Vehumet
Yredelemnul


Innate Abilities, Weirdness & Mutations

Your natural rate of healing is accelerated.
You have razor-sharp teeth.
You have supernaturally acute eyesight. (SInv)
You are afflicted with vampirism and can become a bat while bloodless.


Message History

You are no longer berserk.
You are exhausted.
You feel yourself slow down.
You feel sick.
You start resting.
You feel sick.
You are no longer poisoned.
You start resting.
You feel yourself speed up.
You start resting.
HP restored.
You start waiting.
You recover from your berserk rage.
Partly explored, can't reach some items.
Partly explored, can't reach some items.
Partly explored, can't reach some items.
There is an open translucent door, spattered with blood here.
You see here a +2 quarterstaff of chaos.
There is an escape hatch in the floor here.
Things that are here:
a +2 battleaxe of electrocution; a +0 robe You open the door.
There is an open door here.
Really walk into a travel-excluded area? [Y]es or [N]o only, please.
Really walk into a travel-excluded area?
You are engulfed in freezing vapours.
You are engulfed in freezing vapours.
You are engulfed in freezing vapours.
You are engulfed in freezing vapours.
* * * LOW HITPOINT WARNING * * *
You are engulfed in freezing vapours.
Your skin crawls.
You feel strong-willed.
You are engulfed in freezing vapours.
* * * LOW HITPOINT WARNING * * *
You are engulfed in freezing vapours.
* * * LOW HITPOINT WARNING * * *
It was a potion of curing.
You feel better.
You are engulfed in freezing vapours.
You are engulfed in freezing vapours.
You die...

##............##.................
###....####.....##.###.......(..
##.......####.......##...........
#...###...###.....###.....>......
#.#.# #...##.....................
..#.###.......###.###.....)......
.................................
.#.###'##################........
...##...○.......@☼☼☼☼☼☼☼#........
....###################.#........
....#$$$$$☼☼☼☼☼☼☼.......#.....#.)
....#####################........
...........[....##..###..........
.....#..>.......###..#...........
.....############ ##.............
....## ###..>........ ....#
##..........


There were no monsters in sight!

Vanquished Creatures
  A water moccasin (D:6)
  Edmund (D:6)
  An orc warrior (D:4)
  Pargi (Sewer)
  2 ogres (D:5)
  A phantom (D:5)
  Blork the orc (D:6)
  2 bullfrogs (D:6)
  A water moccasin zombie (D:6)
  A howler monkey (D:6)
  A centaur zombie (D:5)
  An orc priest (D:4)
  A centaur skeleton (D:5)
  3 hounds
  Crazy Yiuf (D:6)
  An iguana (D:6)
  Ijyb (D:5)
  A hound skeleton (D:4)
  A howler monkey skeleton (D:5)
  4 adders
  3 adder skeletons (D:4)
  3 worms
  3 dart slugs
  4 orcs
  3 endoplasms
  7 giant cockroaches
  8 goblins
  2 hobgoblins
  7 jackals
  10 kobolds
  8 quokkas
  4 ball pythons
  3 bats
  7 frilled lizards
  A jackal skeleton (D:4)
  4 rats
104 creatures vanquished.

Notes
Turn   | Place    | Note
-------+----------+-------------------------------------------
     0 | D:1      | crimpus the Vampire Berserker began the quest for the Orb.
     0 | D:1      | Reached XP level 1. HP: 17/17 MP: 1/1
   189 | D:1      | Reached XP level 2. HP: 21/23 MP: 2/2
   656 | D:1      | Reached skill level 4 in Short Blades
   854 | D:2      | Reached ** piety under Trog
  1228 | D:2      | Gained mutation: You are afflicted with vampirism and can
                  | become a bat while bloodless. [Vampire growth]
  1228 | D:2      | Reached XP level 3. HP: 29/29 MP: 3/3
  2024 | D:3      | Found a faded altar of an unknown god.
  2177 | D:3      | Found a basalt altar of Yredelemnul.
  2244 | D:3      | Found an iron altar of Okawaru.
  2470 | D:4      | Reached XP level 4. HP: 35/35 MP: 4/4
  2627 | D:4      | Reached skill level 5 in Short Blades
  2627 | D:4      | Reached skill level 1 in Stealth
  2731 | D:4      | Reached XP level 5. HP: 41/41 MP: 5/5
  2893 | D:4      | Noticed an orc warrior
  2913 | D:4      | Killed an orc warrior
  2920 | D:4      | Reached XP level 6. HP: 11/48 MP: 6/6
  3259 | D:4      | Identified a scroll of acquirement
  3259 | D:4      | Acquired the +8 orange crystal plate armour {Archmagi,
                  | Int+3 Clar}
  3259 | D:4      | Found the +8 orange crystal plate armour {Archmagi, Int+3
                  | Clar}
  3379 | D:5      | Entered Level 5 of the Dungeon
  3403 | D:5      | Reached skill level 6 in Short Blades
  3500 | D:5      | Found a glowing drain.
  3526 | Sewer    | Entered a sewer
  3579 | Sewer    | Noticed Pargi
  3587 | Sewer    | Killed Pargi
  3588 | Sewer    | Reached XP level 7. HP: 54/54 MP: 7/7
  3790 | D:5      | Noticed Ijyb
  3802 | D:5      | Killed Ijyb
  3929 | D:5      | Found a radiant altar of Vehumet.
  4032 | D:5      | Reached skill level 7 in Short Blades
  4111 | D:5      | Found a bloodstained altar of Trog.
  4494 | D:6      | Reached *** piety under Trog
  4584 | D:6      | Noticed Blork the orc
  4595 | D:6      | Reached XP level 8. HP: 51/61 MP: 8/8
  4608 | D:6      | Killed Blork the orc
  4735 | D:6      | Noticed Edmund
  4756 | D:6      | Killed Edmund
  4857 | D:6      | Reached skill level 5 in Fighting
  4974 | D:6      | Found a runed translucent door.
  4975 | D:6      | Noticed Crazy Yiuf
  4983 | D:6      | Killed Crazy Yiuf
  5099 | D:6      | HP: 1/62 [something (7)]
  5101 | D:6      | Engulfed by a cloud of freezing vapour

Illustrated notes

Levels and vault maps discovered:
D:1:      dpeg_arrival_chambers_temple_mockup, layout_basic,
          minmay_split_cup_large
D:2:      layout_basic, minmay_misc_feat_secret_circle, grunt_decor_clamped
D:3:      layout_rooms, lemuel_coloured_pillars_altar,
          mainiacjoe_overflow_brackets, ebering_ecumenical_altar_hall
D:4:      layout_rooms, minmay_bisected
D:5:      layout_loops_ring, trog_butcher_becter, lemuel_crystal_altar,
          gup_sewer_entry_pipe, uniq_ijyb
D:6:      lemuel_ice_spiral_2, layout_rooms, uniq_blork_the_orc, uniq_edmund,
          uniq_crazy_yiuf_cottage

Skill      XL: |  1  2  3  4  5  6  7  8 |
---------------+-------------------------+-----
Short Blades   | 4 5 6 7 |  7.9
Fighting       | 3 4 5 |  5.0
Dodging        | 3 4 |  4.1
Stealth        | 1 2 3 |  3.5
Armour         | 2 3 4 |  4.2

Action                   |  1- 3 |  4- 6 |  7- 9 || total
-------------------------+-------+-------+-------++-------
Melee: Short sword       |   150 |    61 |       ||   211
       Bite              |     9 |    13 |    23 ||    45
       Punch             |     1 |     1 |     5 ||     7
       Dagger            |       |    97 |   167 ||   264
Invok: Berserk           |     2 |     6 |     4 ||    12
       Trog's Hand       |       |     1 |     1 ||     2
  Use: Scroll            |       |     6 |       ||     6
       Potion            |       |       |     1 ||     1
 Stab: Sleeping          |       |     1 |       ||     1
Armor: Animal skin       |    32 |    10 |       ||    42
       Crystal plate arm |       |    77 |   147 ||   224
Dodge: Dodged            |   105 |    63 |    14 ||   182
